 Dungeon Crawl Stone Soup version 0.23.1 (webtiles) character file.

Game seed: 13550474209754318549

25 Borgoz the Skirmisher (level 3, -1/31 HPs)
             Began as a Ghoul Monk on Mar 18, 2019.
             Slain by a worm (10 damage)
             ... on level 2 of the Dungeon.
             The game lasted 00:02:37 (941 turns).

Borgoz the Skirmisher (Ghoul Monk)                   Turns: 941, Time: 00:02:38

Health: -1/31      AC:  3    Str: 14    XL:     3   Next: 6%
Magic:  2/2        EV: 13    Int:  5    God:
Gold:   43         SH:  0    Dex: 12    Spells: 2/2 levels left

rFire    . . .     SeeInvis .   a - +0 short sword
rCold    + . .     Gourm    .   (no shield)
rNeg     + + +     Faith    .   b - +0 robe
rPois    ∞         Spirit   .   (no helmet)
rElec    .         Reflect  .   (no cloak)
rCorr    .         Harm     .   (no gloves)
MR       .....                  e - +0 pair of boots
Stlth    ++........             (no amulet)
HPRegen  0.00/turn              h - ring of flight
MPRegen  0.08/turn              (no ring)

@: rotting
A: rotting body, claws 1, carnivore, cold resistance 1, negative energy
resistance 3, inhibited regeneration, torment resistance, unbreathing
a: Evoke Flight


You were on level 2 of the Dungeon.
You were not hungry.

You visited 1 branch of the dungeon, and saw 2 of its levels.

You collected 43 gold pieces.

Inventory:

Hand Weapons
 a - a +0 short sword (weapon)
Missiles
 l - 4 tomahawks (quivered)
Armour
 b - a +0 robe (worn)
 e - a +0 pair of boots (worn)
Jewellery
 h - a ring of flight (left claw)
 m - an uncursed amulet of rage {unknown}
Scrolls
 i - 4 scrolls of remove curse {unknown}
 j - 2 scrolls of identify {unknown}
Potions
 d - 3 potions of curing {unknown}
 f - a potion of might {unknown}
 k - a potion of agility {unknown}
Comestibles
 c - 2 rations
 g - 6 chunks of flesh


   Skills:
 + Level 3.4 Fighting
 * Level 3.0 Short Blades
 * Level 1.0 Armour
 * Level 3.0 Dodging
 + Level 2.4 Stealth


You had 2 spell levels left.
You didn't know any spells.
Your spell library was empty.

Dungeon Overview and Level Annotations

Branches:
Dungeon (2/15)

Altars:


Innate Abilities, Weirdness & Mutations

Your body is rotting away.
You thrive on raw meat.
You are immune to poison.
You have sharp fingernails.
You are carnivorous and can eat meat at any time.
Your flesh is cold resistant. (rC+)
You are immune to negative energy. (rN+++)
You do not regenerate when monsters are visible.
You are immune to unholy pain and torment.
You can survive without breathing.


Message History

The worm is severely wounded.
You hit the worm.
The worm is almost dead.
The worm bites you!
* * * LOW HITPOINT WARNING * * *
You hit the worm but do no damage.
The worm is almost dead.
Eat one of 8 chunks of flesh? (ye/n/q)
You eat one of the 8 chunks of flesh.
This raw flesh tastes great!
The worm bites you.
* * * LOW HITPOINT WARNING * * *
The leopard gecko barely misses you.
Eat one of 7 chunks of flesh? (ye/n/q)
You eat one of the 7 chunks of flesh.
This raw flesh tastes great!
The leopard gecko bites you.
* * * LOW HITPOINT WARNING * * *
You hit the worm but do no damage.
The worm is severely wounded.
The leopard gecko barely misses you. The worm bites you!
You die...

########
####......#
.......##.########
###.....#........#
##...#########.#
##.## #.# #.#
######@### #.#
#....wl..# ##'##
#.####.#.# ##...##
#.#.# ##.....##
... # ##.......##
.... #.........#
....# +.........+
...... #.........#
..(##


You could see a worm and a leopard gecko.

Vanquished Creatures
  2 giant cockroaches
  4 goblins (D:1)
  3 hobgoblins (D:1)
  2 jackals (D:1)
  3 bats (D:1)
  3 frilled lizards (D:1)
  4 kobolds (D:1)
  4 rats (D:1)
25 creatures vanquished.

Notes
Turn   | Place    | Note
-------+----------+-------------------------------------------
     0 | D:1      | Borgoz the Ghoul Monk began the quest for the Orb.
     0 | D:1      | Reached XP level 1. HP: 19/19 MP: 0/0
   168 | D:1      | Reached XP level 2. HP: 24/26 MP: 1/1
   829 | D:1      | Reached skill level 1 in Armour
   841 | D:1      | Reached XP level 3. HP: 23/31 MP: 2/2
   941 | D:2      | Slain by a worm

Skill      XL: |  1  2 |
---------------+-------+-----
Short Blades   | 3 |  3.0
Dodging        | 3 |  3.0
Armour         | 1 |  1.0
Fighting       | |  3.4
Stealth        | |  2.4

Action                   || total
-------------------------++-------
Melee: Short sword       ||   124
 Stab: Sleeping          ||     4
  Eat: Chunk             ||    12
Armor: Robe              ||    20
Dodge: Dodged            ||    77
